 Dungeon Crawl Stone Soup version 0.32-a0-814-g0968bab981 (console) character file.

Game seed: 3691410839068822929

231817 jejorda2 the Spear-Bearer (level 19, -3/169 HPs)
             Began as a Gnoll Berserker on Mar 22, 2024.
             Was a High Priest of Trog.
             Killed by Olgreb's Toxic Radiance
             ... invoked by a naga ritualist
              (4 damage)
             ... on level 4 of the Snake Pit.
             The game lasted 01:44:20 (54972 turns).

jejorda2 the Spear-Bearer (Gnoll Berserker)        Turns: 54972, Time: 01:44:20

Health: -3/169     AC: 46    Str: 24    XL:     19   Next: 52%
Magic:  4/36       EV:  7    Int:  5    God:    Trog [*****.]
Gold:   1507       SH: 17    Dex: 12    Spells: 45/45 levels left

rFire   + . .        b - +0 demon trident (venom)
rCold   + + .        Y - +0 tower shield
rNeg    . . .        e - +5 gold dragon scales
rPois   .            T - +2 hat {Will+}
rElec   .            K - +2 cloak {rC+}
rCorr   +            P - +3 Mad Mage's Maulers {Infuse+∞ VampMP -Cast}
SInv    .            t - +2 pair of boots {Fly}
Will    ++...        n - amulet of Ruta {Faith Rampage rCorr} Stlth
                     R - +4 ring of protection
HPRegen 0.48/turn    y - +4 ring of protection
MPRegen 0.25/turn

%: no spellcasting, rampage, faith, infuse magic (4 MP)
@: lethally poisoned (-3 -> -16), poison vulnerable, on berserk cooldown,
flying, slowed, very slow
A: fangs 1, strong nose, distributed training, dopey 1, robust 1, MP-powered
wands
}: 1/15 runes: decaying
a: Renounce Religion, Berserk, Trog's Hand, Brothers in Arms


You were on level 4 of the Snake Pit.
You worshipped Trog.
Trog was extremely pleased with you.
You visited 5 branches of the dungeon, and saw 30 of its levels.
You also visited: Sewer, Bailey and Ice Cave.

You collected 3831 gold pieces.
You spent 2324 gold pieces at shops.

Inventory:

Hand Weapons
 a - the +11 hand axe of Eternal War {flame, Fly rCorr Stlth-}
   (You found it on level 15 of the Dungeon)

   Fly:       It grants you flight.
   rCorr:     It protects you from acid and corrosion.
   Stlth-:    It makes you less stealthy.
 b - a +0 demon trident of venom (weapon)
 w - a +5 antimagic eveningstar
Missiles
 d - 4 throwing nets
 h - 12 boomerangs (quivered)
 x - 6 darts of dispersal
 B - 11 poisoned darts
 V - 4 curare-tipped darts
Armour
 e - +5 gold dragon scales (worn)
 t - a +2 pair of boots of flying (worn)
 K - a +2 cloak of cold resistance (worn)
 P - the +3 Mad Mage's Maulers (worn) {Infuse+∞ VampMP -Cast}
   (You bought it in a shop on level 8 of the Dungeon)

   Infuse+∞: It empowers its wearer's blows with all of their magic.
   VampMP:    Blows struck in melee replenish the wearer's magic.
   -Cast:     It prevents spellcasting.
 T - a +2 hat of willpower (worn)
 Y - a +0 tower shield (worn)
Jewellery
 c - a ring of positive energy
 n - the amulet of Ruta (around neck) {Faith Rampage rCorr}
   (You found it on level 3 of the Dungeon)

   [amulet of faith]

   Faith:     It allows you to gain divine favour quickly.
   rCorr:     It protects you from acid and corrosion.
   Rampage:   It bestows one free step when moving towards enemies.
 y - a +4 ring of protection (right hand)
 R - a +4 ring of protection (left hand)
Wands
 p - a wand of digging (10)
 r - a wand of light (11)
 C - a wand of polymorph (10)
 E - a wand of flame (45)
 J - a wand of warping (31)
 M - a wand of mindburst (28)
 Q - a wand of paralysis (15)
Scrolls
 j - 9 scrolls of immolation
 l - 15 scrolls of teleportation
 G - 5 scrolls of fear
 H - 3 scrolls of blinking
 I - 3 scrolls of fog
 L - 3 scrolls of summoning
 O - 6 scrolls of revelation
 S - 3 scrolls of poison
Potions
 f - 2 potions of ambrosia
 g - 5 potions of curing
 m - a potion of might
 q - 7 potions of attraction
 s - 4 potions of mutation
 u - 4 potions of enlightenment
 z - 3 potions of haste
 A - 7 potions of heal wounds
 U - 5 potions of invisibility
 W - 2 potions of cancellation
 X - 3 potions of magic
Miscellaneous
 i - a sack of spiders (inert)
 o - a phial of floods
 N - a condenser vane


   Skills:
 + Level 14.9 Fighting
 + Level 13.5 Short Blades
 + Level 13.5 Long Blades
 + Level 13.5 Axes
 + Level 13.5 Maces & Flails
 + Level 14.9 Polearms
 + Level 13.5 Staves
 + Level 13.5 Ranged Weapons
 + Level 13.5 Throwing
 + Level 14.2 Armour
 + Level 14.2 Dodging
 + Level 13.5 Stealth
 + Level 13.5 Shields
 + Level 13.5 Unarmed Combat
 + Level 13.5 Spellcasting
 + Level 11.5 Conjurations
 + Level 11.5 Hexes
 + Level 11.5 Summonings
 + Level 11.5 Necromancy
 + Level 11.5 Translocations
 + Level 11.5 Fire Magic
 + Level 11.5 Ice Magic
 + Level 11.5 Air Magic
 + Level 11.5 Earth Magic
 + Level 11.5 Alchemy
 + Level 14.7 Invocations
 + Level 13.5 Evocations
 + Level 12.5 Shapeshifting


You had 45 spell levels left.
You didn't know any spells.
Your spell library was empty.

Dungeon Overview and Level Annotations

Branches:
Dungeon (15/15)            Temple (0/1) D:7            Lair (5/5) D:8
  Swamp (4/4) Lair:2        Snake (4/4) Lair:3        Slime (0/5) Lair:5
    Orc (2/2) D:10            Elf (0/3) Orc:2        Vaults (0/5) D:14
 Depths (0/4) D:15          Sewer (visited)          Bailey (visited)
  IceCv (visited)

Altars:
Ashenzari
Cheibriados
Dithmenos
Fedhas
Gozag
Hepliaklqana
Kikubaaqudgha
Qazlal
Ru
Uskayaw
Vehumet
Wu Jian
Yredelemnul
Zin
The Shining One
Jiyva

Shops:
D:8 [   D:13 *(   Orc:2 !(=!   Snake:1 =:=   Snake:4 =(:(

Annotations:
D:15 2 transporters, exclusion: obsidian statue, Boicepta's ghost, journeyman DsGl


Innate Abilities, Weirdness & Mutations

You have very sharp teeth.
Your uncanny sense of smell can sniff out nearby items.
Your experience applies equally to all skills.
You are dopey. (Int -2)
You are robust. (+10% HP)
You expend magic power (3 MP) to strengthen your wands.


Message History

You puncture the naga ritualist!
The naga ritualist is almost dead.
You block the naga ritualist's attack. x2
The guardian serpent coils itself and waves its upper body at you.
You resist with almost no effort.
You barely miss the naga ritualist.
The naga ritualist is almost dead.
The naga ritualist mumbles some strange prayers to its god against you.
You resist with almost no effort.
The guardian serpent coils itself and waves its upper body at you.
The naga ritualist prays to its god.
The naga ritualist begins to radiate toxic energy.
* * * LOW HITPOINT WARNING * * *
You are poisoned.
You closely miss the naga ritualist.
The naga ritualist is almost dead.
You feel sick.
* * * LOW HITPOINT WARNING * * *
You are more poisoned.
You block the lindwurm's attack. The lindwurm completely misses you.
The lindwurm claws you but does no damage.
You block the naga ritualist's attack. The naga ritualist closely misses you.
You barely miss the naga ritualist.
The naga ritualist is almost dead.
You feel sick.
* * * LOW HITPOINT WARNING * * *
You are more poisoned.
You block the lindwurm's attack.
The lindwurm claws you but does no damage.
You block the lindwurm's attack.
You block the guardian serpent's attack.
The naga ritualist spits poison at you.
The splash of poison hits you but does no damage.
You are lethally poisoned!
The lindwurm breathes flames at you. The blast of flame hits you. You resist.
* * * LOW HITPOINT WARNING * * *
* * * LOW HITPOINT WARNING * * *
You feel extremely sick.
You die...

###......#.......§§.......#.####
##........#......≈≈§§......#.....
#.........#....≈§§§§§≈..§..#.....
###......##..≈≈≈§≈≈≈≈§≈≈≈§.##....
..#.....##..§§≈§§§≈≈§≈§§§§..##...
..#....##...≈≈≈########§≈§.÷.##..
.##...##..≈≈≈###..N...###≈≈≈..##.
..#..##..§≈≈##....S.....##≈≈≈..##
.##.##.)≈≈≈##...@k)...)).##§≈≈..#
##.##..≈≈≈##....######).†.##≈.≈÷.
..##..≈§≈##...### ###)..##≈≈≈.
..#...≈≈##...## #)..##≈≈≈
..#....≈#...## #...#≈≈≈
.##....)'...# ..'####
############# N#.. # . . ..


You could see a naga ritualist (toxic aura, poisoned, catching breath), a
lindwurm (catching breath) and a guardian serpent.

Vanquished Creatures
  Vashnia (Snake:4)
  Nikola (Snake:1)
  Rupert (Lair:4)
  Mlioglotl (Snake:3)
  Frances (D:14)
  A thorn hunter (Swamp:2)
  Aizul (Snake:3)
  5 nagarajas
  An orc warlord (Orc:2)
  2 bunyips
  5 eleionomae
  Azrael (Snake:3)
  An ettin (Orc:1)
  4 fire dragons
  A spectral fenstrider witch (Swamp:1)
  A catoblepas (Lair:5)
  3 shambling mangroves
  A salamander tyrant (Snake:4)
  Erolcha (Orc:1)
  5 alligators
  A rakshasa (D:13)
  6 vault guards (D:14)
  5 boulder beetles
  16 hydras
  4 ogre magi
  2 ironbound frosthearts (IceCv)
  3 ghost crabs
  24 two-headed ogres
  2 anacondas (Snake:3)
  3 centaur warriors
  12 death yaks
  A deep troll earth mage (D:15)
  9 tengu warriors
  6 naga warriors
  An orc high priest (Orc:2)
  14 naga sharpshooters
  6 shock serpents
  4 skeletal warriors (D:15)
  Nergalle (D:12)
  3 salamander mystics (Snake:4)
  A spectral spriggan (Swamp:1)
  2 skysharks
  7 goliath frogs
  3 deep trolls
  2 spriggan druids (Swamp:1)
  Lodul (D:10)
  A bog body (Swamp:2)
  11 swamp dragons
  11 mana vipers
  An arcanist (D:14)
  5 naga ritualists
  7 lindwurms
  A deep elf archer (Orc:2)
  A deep elf pyromancer (D:12)
  2 orc knights
  7 ugly things
  3 orc sorcerers
  7 will-o-the-wisps
  2 manticores
  3 elephants (Lair:2)
  10 cyclopes
  A kobold blastminer (Orc:2)
  10 salamanders
  3 meliai (D:15)
  33 black mambas
  6 slime creatures
  An ice statue (IceCv)
  6 guardian serpents
  18 naga magi
  A torpor snail (Lair:5)
  16 cane toads
  4 kobold demonologists
  2 unseen horrors (D:11)
  4 yaktaurs (D:15)
  2 rime drakes
  11 komodo dragons
  3 tengu conjurers
  A spectral death drake (Swamp:1)
  26 hornets
  6 bloated husks
  17 polar bears
  11 trolls
  3 tyrant leeches
  A raiju (shapeshifter) (D:11)
  Grinder (D:4)
  17 blink frogs
  2 dream sheep (Lair:5)
  A centaur simulacrum (D:14)
  2 shadows
  22 spriggans
  2 wraiths (D:11)
  Sigmund (D:3)
  5 humans (D:14)
  65 yaks
  5 wyverns
  8 basilisks
  3 fire elementals
  6 wargs
  A steam dragon (D:5)
  A spriggan simulacrum (Swamp:1)
  12 vampire mosquitoes
  19 swamp worms
  5 acid dragons
  48 nagas
  A death drake simulacrum (Swamp:1)
  3 hell hounds (Snake:3)
  15 water moccasins
  A meliai simulacrum (D:14)
  19 orc warriors
  16 swamp drakes
  2 sky beasts
  Pargi (Sewer)
  7 black bears
  2 ice beasts
  45 ogres
  2 laughing skulls (D:11)
  5 boggarts (Lair:5)
  7 centaurs
  46 wolves
  3 kobold brigands (D:10)
  2 brain worms (Sewer)
  12 bullfrogs
  A gnoll sergeant (D:11)
  A wyvern zombie (D:6)
  3 scorpions
  A water moccasin zombie (D:6)
  9 wights
  A howler monkey (D:10)
  4 electric eels
  A bullfrog zombie (D:6)
  A quasit (D:7)
  A centaur zombie (D:6)
  A hound (D:5)
  2 bombardier beetles
  3 iguanas
  14 orc priests
  A gnoll bouda (D:8)
  A jelly (D:5)
  3 sleepcaps
  Natasha (twice) (D:2)
  12 orc wizards
  7 hell rats (Lair:4)
  2 killer bee zombies (D:6)
  Robin (D:3)
  14 gnolls
  4 adders
  2 shadow imps (D:7)
  2 white imps
  3 ufetubi
  4 ribbon worms
  A dart slug (D:1)
  62 orcs
  5 bats
  8 endoplasms
  3 giant cockroaches
  17 goblins
  12 hobgoblins
  7 jackals
  21 kobolds
  4 quokkas
  10 ball pythons
  5 frilled lizards
  7 rats
1113 creatures vanquished.

Vanquished Creatures (collateral kills)
  The ghost of Ykem the Impaler, an adept GnWn of Okawaru (Swamp:1)
  A nagaraja (Snake:4)
  An anaconda (Snake:2)
  A naga sharpshooter (Snake:4)
  A spectral spriggan (Swamp:1)
  A naga mage (Snake:2)
  A black mamba (Snake:2)
  2 spriggan simulacra (Swamp:1)
  A naga (Snake:2)
10 creatures vanquished.

Vanquished Creatures (others)
  A swamp dragon (Swamp:4)
  A human (D:14)
  A swamp drake (Swamp:4)
  14 foxfires (Swamp:4)
17 creatures vanquished.

Grand Total: 1140 creatures vanquished

Notes
Turn   | Place    | Note
-------+----------+-------------------------------------------
     0 | D:1      | jejorda2 the Gnoll Berserker began the quest for the Orb.
     0 | D:1      | Reached XP level 1. HP: 23/23 MP: 1/1
   126 | D:1      | Reached XP level 2. HP: 29/29 MP: 2/2
   315 | D:1      | Reached XP level 3. HP: 35/35 MP: 3/3
   368 | D:1      | Reached ** piety under Trog
   500 | D:1      | Reached skill level 1 in Invocations
   662 | D:2      | Reached skill level 1 in Short Blades
   662 | D:2      | Reached skill level 1 in Long Blades
   662 | D:2      | Reached skill level 1 in Axes
   662 | D:2      | Reached skill level 1 in Maces & Flails
   662 | D:2      | Reached skill level 1 in Staves
   662 | D:2      | Reached skill level 1 in Ranged Weapons
   662 | D:2      | Reached skill level 1 in Throwing
   662 | D:2      | Reached skill level 1 in Stealth
   662 | D:2      | Reached skill level 1 in Shields
   662 | D:2      | Reached skill level 1 in Unarmed Combat
   662 | D:2      | Reached skill level 1 in Spellcasting
   662 | D:2      | Reached skill level 1 in Evocations
   668 | D:2      | Reached skill level 1 in Shapeshifting
   668 | D:2      | Reached XP level 4. HP: 41/41 MP: 5/5
   680 | D:2      | Reached skill level 1 in Conjurations
   680 | D:2      | Reached skill level 1 in Hexes
   680 | D:2      | Reached skill level 1 in Summonings
   680 | D:2      | Reached skill level 1 in Necromancy
   680 | D:2      | Reached skill level 1 in Translocations
   680 | D:2      | Reached skill level 1 in Fire Magic
   680 | D:2      | Reached skill level 1 in Ice Magic
   680 | D:2      | Reached skill level 1 in Air Magic
   680 | D:2      | Reached skill level 1 in Earth Magic
   680 | D:2      | Reached skill level 1 in Alchemy
   922 | D:2      | Reached XP level 5. HP: 45/47 MP: 7/7
  1207 | D:2      | Noticed Natasha
  1217 | D:2      | Killed Natasha
  1478 | D:2      | Found a faded altar of an unknown god.
  1683 | D:2      | Noticed Natasha
  1692 | D:2      | Killed Natasha
  1830 | D:3      | Noticed Sigmund
  1840 | D:3      | Killed Sigmund
  1841 | D:3      | Reached skill level 5 in Armour
  1841 | D:3      | Reached skill level 5 in Dodging
  1841 | D:3      | Reached XP level 6. HP: 53/53 MP: 7/9
  2076 | D:3      | Identified the amulet of Ruta {Faith Rampage rCorr}
  2222 | D:3      | Found an ornate altar of the Wu Jian Council.
  2269 | D:3      | Noticed Robin
  2284 | D:3      | Killed Robin
  2286 | D:3      | Reached *** piety under Trog
  2564 | D:4      | Reached XP level 7. HP: 60/60 MP: 10/10
  2632 | D:4      | Noticed Grinder
  2644 | D:4      | Paralysed by Grinder for 2 turns
  2666 | D:4      | Killed Grinder
  3148 | D:5      | Entered Level 5 of the Dungeon
  3148 | D:5      | Noticed a steam dragon
  3157 | D:5      | Killed a steam dragon
  3261 | D:5      | Reached XP level 8. HP: 67/67 MP: 12/12
  3280 | D:5      | Found a broken altar of Ashenzari.
  3302 | D:5      | Found a glowing drain.
  3321 | Sewer    | Entered a sewer
  3365 | Sewer    | Noticed Pargi
  3372 | Sewer    | Killed Pargi
  3750 | D:5      | Found an opulent altar of Gozag.
  4023 | D:5      | Found a stormy altar of Qazlal.
  4558 | D:6      | Reached XP level 9. HP: 73/73 MP: 14/14
  4736 | D:6      | HP: 3/64 [wight/+5 halberd (8)]
  4737 | D:6      | Gained mutation: You expend magic power (3 MP) to
                  | strengthen your wands. [potion of mutation]
  4737 | D:6      | Gained mutation: You are dopey. (Int -2) [potion of
                  | mutation]
  4737 | D:6      | Gained mutation: You are robust. (+10% HP) [potion of
                  | mutation]
  4741 | D:6      | HP: 3/71 [wight/+5 halberd (2)]
  5086 | D:6      | Noticed a brown ugly thing
  5095 | D:6      | Killed a brown ugly thing
  5096 | D:6      | Reached skill level 5 in Invocations
  5349 | D:6      | Found a basalt altar of Yredelemnul.
  5623 | D:7      | Found a staircase to the Ecumenical Temple.
  6158 | D:7      | Reached skill level 5 in Short Blades
  6158 | D:7      | Reached skill level 5 in Long Blades
  6158 | D:7      | Reached skill level 5 in Axes
  6158 | D:7      | Reached skill level 5 in Maces & Flails
  6158 | D:7      | Reached skill level 5 in Staves
  6158 | D:7      | Reached skill level 5 in Ranged Weapons
  6158 | D:7      | Reached skill level 5 in Throwing
  6158 | D:7      | Reached skill level 5 in Stealth
  6158 | D:7      | Reached skill level 5 in Shields
  6158 | D:7      | Reached skill level 5 in Unarmed Combat
  6158 | D:7      | Reached skill level 5 in Spellcasting
  6158 | D:7      | Reached skill level 5 in Evocations
  6158 | D:7      | Reached XP level 10. HP: 87/89 MP: 17/17
  6200 | D:7      | Reached **** piety under Trog
  6677 | D:8      | Found Upsef's Antique Armour Emporium.
  6866 | D:8      | Found a flagged portal.
  6876 | D:8      | Found a shadowy altar of Dithmenos.
  6917 | Bailey   | Entered a bailey
  7044 | Bailey   | Noticed an orc knight
  7090 | Bailey   | Identified the +0 robe of Pandemonium {Str+3 SInv}
  7274 | Bailey   | Killed an orc knight
  7275 | Bailey   | Reached skill level 5 in Shapeshifting
  7420 | D:8      | Found a blossoming altar of Fedhas.
  7596 | D:8      | Found a staircase to the Lair.
  7856 | D:8      | Found a hazy altar of Hepliaklqana.
  7856 | D:8      | Found a hide-covered altar of Uskayaw.
  8002 | D:9      | Found a radiant altar of Vehumet.
  8606 | D:9      | Found a snail-covered altar of Cheibriados.
  8850 | D:9      | Found a glowing golden altar of the Shining One.
  8983 | D:9      | Reached ***** piety under Trog
  8999 | D:9      | Reached skill level 5 in Conjurations
  8999 | D:9      | Reached skill level 5 in Hexes
  8999 | D:9      | Reached skill level 5 in Summonings
  8999 | D:9      | Reached skill level 5 in Necromancy
  8999 | D:9      | Reached skill level 5 in Translocations
  8999 | D:9      | Reached skill level 5 in Fire Magic
  8999 | D:9      | Reached skill level 5 in Ice Magic
  8999 | D:9      | Reached skill level 5 in Air Magic
  8999 | D:9      | Reached skill level 5 in Earth Magic
  8999 | D:9      | Reached skill level 5 in Alchemy
  9005 | D:9      | Reached XP level 11. HP: 86/97 MP: 20/20
  9222 | D:10     | Entered Level 10 of the Dungeon
  9567 | D:10     | Noticed Lodul
  9576 | D:10     | Killed Lodul
  9658 | D:10     | Received a gift from Trog
  9755 | D:10     | Noticed a sixfirhy
  9922 | D:10     | Reached skill level 10 in Fighting
  9922 | D:10     | Reached skill level 10 in Polearms
  9922 | D:10     | Reached XP level 12. HP: 106/106 MP: 20/23
 10059 | D:10     | Found a sacrificial altar of Ru.
 10074 | D:10     | Found a staircase to the Orcish Mines.
 10467 | D:10     | Found a glowing silver altar of Zin.
 10467 | D:10     | Noticed an angel
 10557 | Lair:1   | Entered Level 1 of the Lair of Beasts
 10980 | Lair:1   | Reached XP level 13. HP: 109/114 MP: 24/24
 11682 | Lair:2   | Found a frozen archway.
 11688 | IceCv    | Entered an ice cave
 12435 | IceCv    | Received a gift from Trog
 13081 | D:8      | Bought the +3 Mad Mage's Maulers {Infuse+∞ VampMP -Cast}
                  | for 1240 gold pieces
 13081 | D:8      | Found the +3 Mad Mage's Maulers {Infuse+∞ VampMP -Cast}
 13516 | Lair:2   | Reached skill level 10 in Armour
 13516 | Lair:2   | Reached skill level 10 in Dodging
 13599 | Lair:2   | Noticed an eleionoma
 13602 | Lair:2   | Found a staircase to the Swamp.
 13608 | Lair:2   | Killed an eleionoma
 14022 | Lair:2   | Reached XP level 14. HP: 117/124 MP: 1/27
 15258 | Lair:3   | Reached skill level 10 in Invocations
 16034 | Lair:3   | Received a gift from Trog
 16324 | Lair:3   | Identified the +0 leather armour of the Shore {Str-5 Dex+9
                  | Stlth+}
 17636 | Lair:3   | Found a staircase to the Snake Pit.
 18923 | Lair:4   | Noticed Rupert
 18938 | Lair:4   | Killed Rupert
 18987 | Lair:4   | Found a transporter.
 19384 | Lair:4   | Identified the +2 mace of Imminent Death {freeze, Will+
                  | Int+3 Dex+2}
 19600 | Lair:4   | Found a transporter.
 19959 | Lair:5   | Entered Level 5 of the Lair of Beasts
 20847 | Lair:4   | Identified a scroll of acquirement
 20848 | Lair:4   | Acquired a +4 broad axe of flaming
 21051 | Lair:5   | Found a staircase to the Slime Pits.
 21052 | Lair:5   | Found a viscous altar of Jiyva.
 21575 | Lair:5   | Reached skill level 10 in Short Blades
 21575 | Lair:5   | Reached skill level 10 in Long Blades
 21575 | Lair:5   | Reached skill level 10 in Axes
 21575 | Lair:5   | Reached skill level 10 in Maces & Flails
 21575 | Lair:5   | Reached skill level 10 in Staves
 21575 | Lair:5   | Reached skill level 10 in Ranged Weapons
 21575 | Lair:5   | Reached skill level 10 in Throwing
 21575 | Lair:5   | Reached skill level 10 in Stealth
 21575 | Lair:5   | Reached skill level 10 in Shields
 21575 | Lair:5   | Reached skill level 10 in Unarmed Combat
 21575 | Lair:5   | Reached skill level 10 in Spellcasting
 21575 | Lair:5   | Reached skill level 10 in Evocations
 21575 | Lair:5   | Reached XP level 15. HP: 132/132 MP: 4/29
 24231 | D:11     | Found an ancient bone altar of Kikubaaqudgha.
 24270 | D:11     | Reached ****** piety under Trog
 26479 | D:12     | Noticed Nergalle
 26484 | D:12     | Killed Nergalle
 28104 | D:13     | Found Itolu's General Store.
 28692 | D:13     | Found Ompel's Antique Weapon Emporium.
 29294 | D:13     | Received a gift from Trog
 29739 | D:14     | Reached XP level 16. HP: 125/141 MP: 3/30
 29747 | D:14     | Reached skill level 10 in Shapeshifting
 31252 | D:14     | Noticed Frances
 31277 | D:14     | Killed Frances
 31927 | D:14     | Found a gate to the Vaults.
 31956 | D:15     | Entered Level 15 of the Dungeon
 32159 | D:15     | Received a gift from Trog
 32424 | D:15     | Found a transporter.
 32434 | D:15     | Noticed Boicepta's ghost (journeyman DsGl)
 32496 | D:15     | Identified the +9 long sword "Stringbean" {drain, rC+ Dex+5
                  | Stlth-}
 32575 | D:15     | Found a transporter.
 32577 | D:15     | Identified the +11 hand axe of Eternal War {flame, Fly
                  | rCorr Stlth-}
 32833 | D:15     | Identified the +1 leather armour of Spite {Rampage ^Drain
                  | rCorr}
 32837 | D:15     | Found a broken altar of Ashenzari.
 33047 | D:15     | Found a staircase to the Depths.
 33049 | D:15     | Paralysed by a hornet for 1 turns
 33550 | Orc:1    | Entered Level 1 of the Orcish Mines
 34900 | Orc:1    | Noticed Erolcha
 34927 | Orc:1    | Killed Erolcha
 34940 | Orc:1    | Identified the +8 long sword "Afefothru" {freeze, +Blink
                  | rF+++ rC-}
 35171 | Orc:2    | Entered Level 2 of the Orcish Mines
 35173 | Orc:2    | Received a gift from Trog
 35212 | Orc:2    | Reached XP level 17. HP: 85/150 MP: 1/32
 35219 | Orc:2    | Found Ceeg's Jewellery Boutique.
 35575 | Orc:2    | Reached skill level 10 in Conjurations
 35575 | Orc:2    | Reached skill level 10 in Hexes
 35575 | Orc:2    | Reached skill level 10 in Summonings
 35575 | Orc:2    | Reached skill level 10 in Necromancy
 35575 | Orc:2    | Reached skill level 10 in Translocations
 35575 | Orc:2    | Reached skill level 10 in Fire Magic
 35575 | Orc:2    | Reached skill level 10 in Ice Magic
 35575 | Orc:2    | Reached skill level 10 in Air Magic
 35575 | Orc:2    | Reached skill level 10 in Earth Magic
 35575 | Orc:2    | Reached skill level 10 in Alchemy
 35726 | Orc:2    | Found Ukoeb's Distillery.
 35728 | Orc:2    | Found Xahyamyl's Antique Weapon Emporium.
 35738 | Orc:2    | Found Mierack's Distillery.
 35980 | Orc:2    | Found a staircase to the Elven Halls.
 36154 | Orc:2    | Received a gift from Trog
 37342 | Swamp:1  | Entered Level 1 of the Swamp
 38001 | Swamp:1  | Found a runed translucent gate.
 38001 | Swamp:1  | Found a runed translucent gate.
 38001 | Swamp:1  | Found a runed translucent gate.
 38013 | Swamp:1  | Noticed Ykem's ghost (adept GnWn)
 38241 | Swamp:1  | Killed Ykem's ghost
 40094 | Swamp:2  | Received a gift from Trog
 41372 | Swamp:3  | Paralysed by a hornet for 2 turns
 42818 | Swamp:4  | Entered Level 4 of the Swamp
 43053 | Swamp:4  | Reached XP level 18. HP: 132/159 MP: 2/34
 43847 | Swamp:4  | Received a gift from Trog
 44545 | Swamp:4  | Got a decaying rune of Zot
 45091 | Snake:1  | Entered Level 1 of the Snake Pit
 45411 | Snake:1  | Found Tehu's Jewellery Shoppe.
 45412 | Snake:1  | Found Ocusyhap's Book Shop.
 45414 | Snake:1  | Found Pironiokko's Jewellery Shoppe.
 46064 | Snake:1  | Noticed Nikola
 46076 | Snake:1  | Killed Nikola
 46311 | Snake:1  | You are sucked into a shaft and drop 1 floor!
 46486 | Snake:2  | Identified the +8 falchion of Sunlight {protect, rElec
                  | rCorr Str-5}
 46683 | Snake:2  | Received a gift from Trog
 47666 | Snake:2  | Identified the +0 plate armour "Nearph" {Rampage rF- Will-
                  | Str+8}
 48494 | Snake:3  | Noticed Mlioglotl
 48505 | Snake:3  | Killed Mlioglotl
 48510 | Snake:3  | HP: 8/161 [poisoned by naga mage (concentrated venom)]
 49504 | Snake:3  | Identified the serpent talisman "Dewikkiu" {rC+ rCorr}
 49504 | Snake:3  | Noticed Aizul
 49530 | Snake:3  | Killed Aizul
 49552 | Snake:2  | HP: 7/161 [poisoned by a nagaraja (bolt of poison)]
 50362 | Snake:3  | Noticed Azrael
 50369 | Snake:3  | Killed Azrael
 50376 | Snake:3  | Received a gift from Trog
 50482 | Snake:3  | Reached XP level 19. HP: 139/168 MP: 4/36
 51531 | Snake:4  | Entered Level 4 of the Snake Pit
 51949 | Snake:4  | Found Nuatih's Antique Weapon Emporium.
 51951 | Snake:4  | Found Ysyharhe's Book Shoppe.
 51954 | Snake:4  | Found Caphom's Weapon Emporium.
 52517 | Snake:4  | Bought a +0 demon trident of venom for 400 gold pieces
 52521 | Snake:4  | Bought a runed eveningstar for 684 gold pieces
 53144 | Snake:4  | Noticed Vashnia
 53177 | Snake:4  | Killed Vashnia
 53177 | Snake:4  | Received a gift from Trog
 53422 | Snake:4  | Found Vappujedd's One-of-a-Kind Rings.
 54964 | Snake:4  | Received a gift from Trog
 54971 | Snake:4  | HP: 8/169 [lindwurm/blast of flame (3)]
 54972 | Snake:4  | HP: 1/169 [poisoned by a naga ritualist (splash of poison)]
 54972 | Snake:4  | Killed from afar by a naga ritualist

Illustrated notes

Levels and vault maps discovered:
D:1:      minmay_arrival_radiant_lines, layout_rooms
D:2:      layout_basic, chequers_ecumenical_altar_lobes, grunt_ministairs_9,
          uniq_natasha
D:3:      layout_basic, general_overflow_altar, nrook_mini_vaults, uniq_sigmund,
          uniq_robin
D:4:      layout_basic, mrwooster_statue_mirror, minmay_misc_feat_five,
          uniq_grinder
D:5:      layout_cave_pods, mainiacjoe_overflow_concentric_impassable,
          kennysheep_mini, nicolae_qazlal_beasts_of_the_sky,
          portal_sewer_entry_d
D:6:      layout_rooms, nicolae_yredelemnul_corpse_copse, minmay_small_thing
D:7:      layout_loops_corners, minmay_temple_entry_overgrown, serial_demonic,
          serial_demonic_f, serial_demonic_b, serial_demonic_c,
          serial_demonic_e, serial_demonic_f, lemuel_flame_loot_1
D:8:      layout_loops_corners, gammafunk_temple_overflow_pools,
          mainiacjoe_overflow_large_starburst, david_lair_shrubbed,
          enter_bailey_5, serial_shops, nicolae_shop_behind_doors,
          hangedman_abyss_or_decor_stagger
D:9:      layout_basic, lemuel_crystal_altar, amcnicky_altar_gilded,
          mainiacjoe_overflow_cross_hatched
D:10:     layout_long_grid, zin_angel, mainiacjoe_overflow_alcove_1, erik_orc_3,
          uniq_lodul
D:11:     layout_stronghold, st_stairs_2, grunt_decor_junction,
          minmay_ruined_shrine
D:12:     layout_roguey, amethyst_killhole, grunt_decor_one_mirror,
          uniq_nergalle
D:13:     dreamdust_cave_troll, layout_rooms, serial_shops, nicolae_square_shop,
          shop
D:14:     layout_irregular_city, ximxim_vaults_locker_room, uniq_frances
D:15:     hellmonk_depths_entry_around_the_bend, layout_cave_pools,
          nzn_ghost_randoct, chequers_serial_rivers_micro_e,
          cheibrodos_ashenzari_chains
Lair:1:   layout_small_grid, infiniplex_staircase_pool
Lair:2:   layout_cave_shapes, alex1729_swamp_entry_worm_eleionoma,
          portal_ice_cave_entry_pillars_2, grunt_megastairs_3,
          serial_bayou_shore_a
Lair:3:   cheibrodos_lair_overgrown_chateau, layout_long_grid,
          guppyfry_snake_entry_garden, grunt_megastairs_2
Lair:4:   gammafunk_cloud_chamber, layout_regular_city,
          nicolae_quartered_pool_super, uniq_rupert
Lair:5:   minmay_lair_end_enchanted_forest, layout_cave_pods, slime_entry_1,
          grunt_forest_large_clearings
Swamp:1:  layout_falls_marsh, gammafunk_ghost_necromancy,
          nicolae_swamp_little_tower, nicolae_swamp_triple_paths, swamp_pool_3,
          nicolae_swamp_decorative_isthmus
Swamp:2:  layout_basic_swamp, evilmike_swamp_ruin_house_4, swamp_pool_5
Swamp:3:  layout_basic_swamp, hangedman_swamp_pad
Swamp:4:  swamp_fiery, layout_basic_swamp, nicolae_swamp_fairy_circle
Snake:1:  layout_cave_shapes, serial_library_regret_index_turning,
          minmay_shop_grove, lemuel_fruit_tree, uniq_nikola
Snake:2:  layout_layer_cave
Snake:3:  layout_cave_shapes, grunt_megastairs_5, uniq_azrael, uniq_mlioglotl,
          uniq_aizul
Snake:4:  snake_pit_salamanders_mu, layout_cave_town, nicolae_shop_unique_rings,
          minmay_shop_star, uniq_vashnia
Orc:1:    lemuel_ogre_cave, layout_diamond_mine
Orc:2:    st_orc_open, layout_caves, elf_legates

Skill      XL: |  1  2  3  4  5  6  7  8  9 10 11 12 13 14 15 16 17 18 19 |
---------------+----------------------------------------------------------+-----
Invocations    | 1 2 3 4 5 6 8 9 10 11 12 13 14 | 14.7
Short Blades   | 1 2 3 5 6 7 9 10 11 12 13 | 13.5
Long Blades    | 1 2 3 5 6 7 9 10 11 12 13 | 13.5
Axes           | 1 2 3 5 6 7 9 10 11 12 13 | 13.5
Maces & Flails | 1 2 3 5 6 7 9 10 11 12 13 | 13.5
Staves         | 1 2 3 5 6 7 9 10 11 12 13 | 13.5
Ranged Weapons | 1 2 3 5 6 7 9 10 11 12 13 | 13.5
Throwing       | 1 2 3 5 6 7 9 10 11 12 13 | 13.5
Stealth        | 1 2 3 5 6 7 9 10 11 12 13 | 13.5
Shields        | 1 2 3 5 6 7 9 10 11 12 13 | 13.5
Unarmed Combat | 1 2 3 5 6 7 9 10 11 12 13 | 13.5
Spellcasting   | 1 2 3 5 6 7 9 10 11 12 13 | 13.5
Evocations     | 1 2 3 5 6 7 9 10 11 12 13 | 13.5
Shapeshifting  | 1 2 3 4 5 6 7 8 9 10 11 12 | 12.5
Conjurations   | 1 2 3 4 5 6 7 8 9 10 11 | 11.5
Hexes          | 1 2 3 4 5 6 7 8 9 10 11 | 11.5
Summonings     | 1 2 3 4 5 6 7 8 9 10 11 | 11.5
Necromancy     | 1 2 3 4 5 6 7 8 9 10 11 | 11.5
Translocations | 1 2 3 4 5 6 7 8 9 10 11 | 11.5
Fire Magic     | 1 2 3 4 5 6 7 8 9 10 11 | 11.5
Ice Magic      | 1 2 3 4 5 6 7 8 9 10 11 | 11.5
Air Magic      | 1 2 3 4 5 6 7 8 9 10 11 | 11.5
Earth Magic    | 1 2 3 4 5 6 7 8 9 10 11 | 11.5
Alchemy        | 1 2 3 4 5 6 7 8 9 10 11 | 11.5
Armour         | 5 6 7 8 9 10 11 12 13 14 | 14.2
Dodging        | 5 6 7 8 9 10 11 12 13 14 | 14.2
Fighting       | 7 8 9 10 11 12 13 14 | 14.9
Polearms       | 7 8 9 10 11 12 13 14 | 14.9

Action                     |  1- 3 |  4- 6 |  7- 9 | 10-12 | 13-15 | 16-18 | 19-21 || total
---------------------------+-------+-------+-------+-------+-------+-------+-------++-------
  Melee: Spear             |   129 |   183 |   342 |       |       |       |       ||   654
         Bite              |    14 |    12 |    47 |    59 |   108 |   112 |    26 ||   378
         Hand axe          |       |       |     5 |       |    65 |   560 |    10 ||   640
         Morningstar       |       |       |    75 |   539 |   922 |   416 |    81 ||  2033
         Trident           |       |       |       |       |     3 |       |       ||     3
         Broad axe         |       |       |       |       |    36 |   103 |       ||   139
         Demon trident     |       |       |       |       |       |       |   188 ||   188
  Throw: Boomerang         |       |     3 |    18 |    32 |    64 |    77 |       ||   194
         Dart              |       |       |       |       |    26 |       |       ||    26
 Invoke: Berserk           |     2 |     2 |     8 |     4 |    12 |    20 |     4 ||    52
         Trog's Hand       |       |     2 |     7 |     2 |     7 |     5 |     1 ||    24
         Brothers in Arms  |       |       |       |       |       |     2 |     1 ||     3
  Evoke: Wand              |       |       |       |       |     6 |     3 |       ||     9
         Sack of spiders   |       |       |       |       |       |     1 |     1 ||     2
         Phial of floods   |       |       |       |       |       |     1 |       ||     1
    Use: Scroll            |       |       |    11 |    10 |     6 |     9 |       ||    36
         Potion            |       |       |     3 |     2 |     5 |     4 |     1 ||    15
   Stab: Invisible         |       |       |       |       |     1 |       |       ||     1
         Petrified         |       |       |       |       |     2 |       |       ||     2
         Sleeping          |       |       |       |       |     2 |       |       ||     2
         Distracted        |       |       |       |       |       |     1 |       ||     1
         Paralysed         |       |       |       |       |       |     1 |       ||     1
         Confused          |       |       |       |       |       |       |     1 ||     1
 Armour: Storm dragon scal |    65 |    59 |   193 |   292 |   866 |   437 |       ||  1912
         Animal skin       |     8 |       |       |       |       |       |       ||     8
         Gold dragon scale |       |       |       |       |       |   681 |   227 ||   908
  Dodge: Dodged            |    30 |    46 |   232 |   414 |   608 |   347 |    41 ||  1718
  Block: Buckler           |    12 |    19 |    89 |   169 |   372 |   207 |       ||   868
         Tower shield      |       |       |       |       |       |   574 |   209 ||   783

Table legend: (Time is in decaauts)
 A = Elapsed time spent in this place.
 B = Non-inter-level travel time spent in this place.
 C = Inter-level travel time spent in this place.
 D = Time resting spent in this place.
 E = Time spent auto-exploring this place.
 F = Levels seen in this place.
 G = Mean time per level.
                   A        B        C        D        E       F      G
               +--------+--------+--------+--------+--------+-----+--------+
         Total |  55349 |  52858 |   2491 |   3663 |  41663 |  33 | 1677.2 |
       Dungeon |  20268 |  18850 |   1418 |   1101 |  14708 |  15 | 1351.2 |
          Lair |  12063 |  11635 |    428 |    442 |   9787 |   5 | 2412.6 |
         Swamp |   7205 |   6934 |    271 |    478 |   5652 |   4 | 1801.2 |
     Snake Pit |   9933 |   9738 |    195 |   1075 |   7567 |   4 | 2483.2 |
  Orcish Mines |   3668 |   3491 |    177 |    289 |   2873 |   2 | 1834.0 |
         Sewer |    323 |    323 |      0 |     87 |    128 |   1 |  323.0 |
        Bailey |    516 |    516 |      0 |      9 |    255 |   1 |  516.0 |
      Ice Cave |   1369 |   1369 |      0 |    179 |    689 |   1 | 1369.0 |
               +--------+--------+--------+--------+--------+-----+--------+

Top non-repeatable levels by time:
 Snake:2: 3474 daAuts
  Lair:5: 3392 daAuts
  Lair:3: 3269 daAuts
 Snake:4: 3241 daAuts
    D:14: 2445 daAuts
   Orc:1: 2278 daAuts
    D:11: 2268 daAuts
  Lair:2: 2197 daAuts
    D:12: 2187 daAuts
 Swamp:1: 2008 daAuts
 Swamp:2: 1949 daAuts
  Lair:4: 1945 daAuts
 Swamp:4: 1927 daAuts
    D:13: 1891 daAuts
 Snake:3: 1699 daAuts
